 Dungeon Crawl Stone Soup version 0.18.1-50-g88ac8fd (webtiles) character file.

1038 Gargoyl the Agent of Entropy (level 8, -1/61 HPs)
             Began as a Demonspawn Abyssal Knight on Sept 21, 2016.
             Was a Priest of Lugonu.
             Slain by Duvessa
             ... wielding a +0 rapier
              (12 damage)
             ... on level 5 of the Dungeon.
             The game lasted 00:12:30 (5327 turns).

Gargoyl the Agent of Entropy (DsAK)                 Turns: 5327, Time: 00:12:31

Health: -1/61      AC: 12    Str: 15 (16) XL:     8   Next: 4%
Magic:  12/12      EV: 11    Int: 12 (14) God:    Lugonu [***...]
Gold:   224        SH:  0    Dex: 10 (13) Spells: 0 memorised, 7 levels left

rFire  + . .     SeeInvis .     k - +2 hand axe (curse)
rCold  . . .     Gourm    .     j - +0 ring mail
rNeg   . . .     Faith    .     (no shield)
rPois  .         Spirit   .     l - +2 helmet
rElec  .         Dismiss  .     v - +0 cloak
rCorr  .         Reflect  .     (no gloves)
SustAt .         Harm     .     (no boots)
MR     .....                    (no amulet)
Stlth  ..........               f - ring of protection from fire
                                d - +2 ring of strength

@: heavily drained, not resistant to hostile enchantments, extremely unstealthy
A: talons 1, slimy green scales 1, demonic guardian 1, slow regeneration 1
a: Depart the Abyss, Bend Space, Banish, Renounce Religion


You were on level 5 of the Dungeon.
You worshipped Lugonu.
Lugonu was most pleased with you.
You were near starving.

You visited 1 branch of the dungeon, and saw 5 of its levels.
You visited the Abyss 1 time.

You collected 224 gold pieces.

Inventory:

Hand Weapons
 a - a +2 hand axe
 k - a cursed +2 hand axe (weapon)
 q - a +0 war axe
Missiles
 y - 7 tomahawks (quivered)
Armour
 e - a +1 hat
 j - a +0 ring mail (worn)
 l - a +2 helmet (worn)
 v - a +0 cloak (worn)
Jewellery
 d - a +2 ring of strength (left hand)
 f - a ring of protection from fire (right hand)
 n - an uncursed ring of flight
Wands
 i - a wand of random effects (19/48)
Scrolls
 b - a scroll of fear
 s - a scroll of recharging
 t - a scroll of teleportation
Comestibles
 c - 6 bread rations
 g - 2 meat rations
 h - 13 fruits
 m - a beef jerky


   Skills:
 + Level 4.6(3.4) Fighting
 + Level 3.5(2.3) Axes
 * Level 5.0(3.8) Armour
 + Level 3.9(2.7) Dodging
 * Level 5.4(4.1) Invocations
 + Level 0.2(0.0) Evocations


You had 7 spell levels left.
You didn't know any spells.

Dungeon Overview and Level Annotations

Branches:
Dungeon (5/15)
 Temple: D:4-7

Altars:
Sif Muna
Zin

Annotations:
D:4 1 exclusion
D:5 Duvessa


Innate Abilities, Weirdness & Mutations

You have sharp toenails.
You are partially covered in slimy green scales (AC +2).
A weak demonic guardian rushes to your aid.
You regenerate slowly when monsters are visible.


Message History

Dowan is almost dead.
Dowan hits you but does no damage. Duvessa hits you with a rapier.
* * * LOW HITPOINT WARNING * * *
Unknown command.
You hit Duvessa. You claw Duvessa, but do no damage.
Duvessa is almost dead.
You barely miss Dowan.
Dowan is almost dead.
Something hits you.
* * * LOW HITPOINT WARNING * * *
Dowan hits you but does no damage. Duvessa hits you but does no damage.
You aren't carrying any potions.
You barely miss Duvessa. You claw Duvessa, but do no damage.
Duvessa is almost dead.
You hit Dowan.
You kill Dowan!
Lugonu accepts your kill.
Duvessa screams, "No!
How DARE you!"
Duvessa goes berserk!
Duvessa hits you with a rapier!
You die...

########### #.....#
..........# #.....#
#.##......#####.....#
..........#.........+
#.###.....#.###!....###
#.........#.###.......#
#..##....).......{..#.#
o..#.<.....#####)##.#
...#.......# #@# #
...........# #.e..#
##.#.......# ####.....
...#...#.### ####
########.# #.# #.# ..#
###


You could see Duvessa (berserk).

Vanquished Creatures
  Purgy (D:3)
  2 ogres (D:4)
  A scorpion (D:4)
  Dowan (D:5)
  2 wights (D:5)
  A giant frog skeleton (D:4)
  An orc wizard (D:4)
  2 worker ants (D:4)
  A hound skeleton (D:4)
  Robin (D:2)
  3 gnolls (D:4)
  9 adders
  An ooze (D:3)
  2 worms
  A dart slug (D:1)
  4 giant geckos
  6 orcs
  A giant cockroach (D:4)
  24 goblins
  12 hobgoblins
  6 jackals
  2 quokkas (D:4)
  A ball python (D:2)
  7 bats
  4 giant newts
  7 kobolds
  3 rats
106 creatures vanquished.

Vanquished Creatures (collateral kills)
  A sky beast (D:5)
  A centaur (D:5)
  A scorpion (D:5)
  2 wights (D:5)
  An adder (D:5)
6 creatures vanquished.

Vanquished Creatures (others)
  A phantom (D:4)
  A giant cockroach (D:4)
  5 toadstools (D:1)
7 creatures vanquished.

Grand Total: 119 creatures vanquished

Notes
Turn   | Place    | Note
--------------------------------------------------------------
     0 | Abyss:1  | Gargoyl the Demonspawn Abyssal Knight began the quest for the Orb.
     0 | Abyss:1  | Reached XP level 1. HP: 18/18 MP: 2/2
   124 | Abyss:2  | Noticed a neqoxec
   124 | D:1      | Escaped the Abyss
   159 | D:1      | Reached * piety under Lugonu
   159 | D:1      | Gained mutation: You have sharp toenails. [demonic ancestry]
   159 | D:1      | Reached XP level 2. HP: 12/24 MP: 3/3
   323 | D:1      | Reached skill level 1 in Dodging
   662 | D:1      | Reached XP level 3. HP: 16/30 MP: 4/4
  1018 | D:2      | Found a faded altar to an unknown god.
  1094 | D:2      | Noticed Robin
  1472 | D:2      | Reached ** piety under Lugonu
  1484 | D:2      | Killed Robin
  1484 | D:2      | Gained mutation: You are partially covered in slimy green scales (AC +2). [demonic ancestry]
  1484 | D:2      | Reached XP level 4. HP: 31/37 MP: 6/6
  1921 | D:3      | Found a glowing silver altar of Zin.
  1921 | D:3      | Found a deep blue altar of Sif Muna.
  2212 | D:3      | Reached XP level 5. HP: 42/42 MP: 7/7
  2230 | D:3      | Reached *** piety under Lugonu
  2423 | D:4      | Noticed an ogre
  2434 | D:4      | Killed an ogre
  2529 | D:4      | Noticed a phantom
  2568 | D:4      | Banished a phantom
  2568 | D:4      | Reached XP level 6. HP: 16/48 MP: 9/9
  4240 | D:4      | Noticed Purgy
  4270 | D:3      | Killed Purgy
  4270 | D:3      | Gained mutation: A weak demonic guardian rushes to your aid. [demonic ancestry]
  4270 | D:3      | Reached XP level 7. HP: 32/55 MP: 10/10
  4647 | D:5      | Entered Level 5 of the Dungeon
  4655 | D:5      | Reached skill level 5 in Invocations
  4812 | D:5      | Gained mutation: You have an increased reservoir of magic (+10% MP). [mutagenic meat]
  4813 | D:5      | Gained mutation: Your system is resistant to poisons. [mutagenic meat]
  4814 | D:5      | Gained mutation: You regenerate slowly when monsters are visible. [mutagenic meat]
  4815 | D:5      | Gained mutation: You expend magic power (3 MP) to strengthen your wands. [mutagenic meat]
  4816 | D:5      | Gained mutation: You are clumsy. (Dex -2) [mutagenic meat]
  4818 | D:5      | Lost mutation: You expend magic power (3 MP) to strengthen your wands. [potion of cure mutation]
  4818 | D:5      | Lost mutation: You are clumsy. (Dex -2) [potion of cure mutation]
  4818 | D:5      | Lost mutation: Your system is resistant to poisons. [potion of cure mutation]
  4818 | D:5      | Lost mutation: You have an increased reservoir of magic (+10% MP). [potion of cure mutation]
  4987 | D:5      | Reached skill level 5 in Armour
  5294 | D:5      | Reached XP level 8. HP: 59/61 MP: 10/12
  5305 | D:5      | Noticed Duvessa
  5305 | D:5      | Noticed Dowan
  5327 | D:5      | Killed Dowan
  5327 | D:5      | Slain by Duvessa

Skill      XL: |  1  2  3  4  5  6  7 |
---------------+----------------------+-----
Armour         | 2 3 4 5 |  5.0
Dodging        | 1 2 3 |  3.9
Invocations    | 3 4 5 |  5.4
Fighting       | 4 |  4.6
Axes           | 2 3 |  3.5
Evocations     | |  0.2

Action                   |  1- 3 |  4- 6 |  7- 9 || total
-------------------------+-------+-------+-------++-------
Melee: Hand axe          |   117 |   256 |    58 ||   431
       Kick              |    20 |    72 |    37 ||   129
       War axe           |       |       |    59 ||    59
Invok: Depart the Abyss  |     1 |       |       ||     1
       Banish            |       |     1 |       ||     1
Evoke: Wand              |       |       |     1 ||     1
  Use: Potion            |     1 |       |     8 ||     9
       Scroll            |       |    10 |     2 ||    12
 Stab: Sleeping          |     1 |       |       ||     1
       Distracted        |       |       |     1 ||     1
       Confused          |       |       |     1 ||     1
  Eat: Chunk             |     2 |    10 |     7 ||    19
Armor: Leather armour    |    26 |       |       ||    26
       Ring mail         |    39 |   140 |    66 ||   245
Dodge: Dodged            |   103 |   185 |    79 ||   367
